 Seeded DCSS version 0.28.0-61-g67df4f89a8 (webtiles) character file.

Game seed: 817364486559478969 (custom seed)

238 Mickster the Covered (level 5, 0/41 HPs)
             Began as a Demigod Wanderer on Feb 20, 2023.
             Slain by a wyvern (11 damage)
             ... on level 4 of the Dungeon on Feb 21, 2023.
             The game lasted 00:42:01 (4032 turns).

Mickster the Covered (Demigod Wanderer)             Turns: 4032, Time: 00:42:02

Health: 0/41       AC: 11    Str: 20    XL:     5   Next: 48%
Magic:  7/7        EV:  8    Int: 12    God:
Gold:   75         SH:  0    Dex: 12    Spells: 4/4 levels left

rFire   x . .      SeeInvis .   m - +2 mace (drain)
rCold   + . .      Faith    +   (no shield)
rNeg    + + .      Spirit   .   p - +1 chain mail {rN+}
rPois   .          Reflect  .   j - +0 helmet
rElec   .          Harm     .   (no cloak)
rCorr   .          Rampage  .   (no gloves)
Will    .....                   (no boots)
Stlth   ..........              q - amulet of faith
HPRegen 0.13/turn               d - ring of ice
MPRegen 0.10/turn               h - ring of positive energy

@: no status effects
A: high MP 1, forlorn, divine attributes
a: no special abilities


You were on level 4 of the Dungeon.
You visited 1 branch of the dungeon, and saw 4 of its levels.

You collected 75 gold pieces.

Inventory:

Hand Weapons
 a - a +1 spear
 f - a +1 dagger of venom
 i - a +0 hunting sling
 m - a +2 mace of draining (weapon)
 o - a +0 long sword
 s - a +0 great mace
 t - a +0 morningstar
Missiles
 e - 93 stones
 g - 38 bolts
 l - 2 poisoned darts (quivered)
Armour
 c - a +1 scale mail
 j - a +0 helmet (worn)
 k - a +1 pair of gloves
 n - a +0 chain mail
 p - a +1 chain mail of positive energy (worn)
Jewellery
 d - a ring of ice (left hand)
 h - a ring of positive energy (right hand)
 q - an amulet of faith (around neck)
Scrolls
 b - 4 scrolls of fear
 r - a scroll of identify


   Skills:
 + Level 1.7 Fighting
 - Level 2.0 Short Blades
 * Level 1.0 Maces & Flails
 - Level 2.0 Polearms
 + Level 1.0 Slings
 + Level 0.2(0.6) Throwing
 + Level 4.2 Armour
 + Level 1.8 Dodging
 + Level 1.1 Stealth
 + Level 1.8 Unarmed Combat


You had 4 spell levels left.
You didn't know any spells.
Your spell library contained the following spells:

 Spells                   Type           Power      Damage    Failure   Level
 Summon Small Mammal      Summ           0%         N/A       97%         1
 Call Canine Familiar     Summ           0%         N/A       100%        3
 Summon Guardian Golem    Hex/Summ       0%         N/A       100%        3
 Summon Forest            Summ/Tloc      0%         N/A       100%        5
 Eringya's Noxious Bog    Tmut/Pois      0%         N/A       100%        6
 Summon Hydra             Summ           0%         N/A       100%        7


Dungeon Overview and Level Annotations

Branches:
Dungeon (4/15)
 Temple: D:4-7

Shops:
D:1 (   D:3 :

Annotations:
D:2 1 runed translucent door, Crazy Yiuf


Innate Abilities, Weirdness & Mutations

You have an increased reservoir of magic. (+10% MP)
You shall have no god before yourself.
Your divine heritage dramatically boosts your attributes as you level up.


Message History

s - a +0 great mace You drop a +0 spear.
You see here a +0 spear.
A hobgoblin comes into view. It is wielding a +0 dagger.
The hobgoblin shouts!
The hobgoblin hits you with a +0 dagger.
You sock the hobgoblin!
You kill the hobgoblin!
You see here a +0 dagger.
e - 93 stones (gained 25) As you open the door, it creaks loudly!
There is an open door here.
There is a stone staircase leading down here.
You climb downwards.
Found four items.
There is a stone staircase leading up here.
You see here an amulet of faith.
Found a stone staircase leading up.
You see here a +1 pair of gloves.
k - a +1 pair of gloves You see here a +0 morningstar.
t - a +0 morningstar A quokka comes into view.
You see here 17 bolts.
g - 38 bolts (gained 17)
You thump the quokka!
You kill the quokka!
There is a stone staircase leading up here.
A wyvern comes into view.
The wyvern hisses angrily.
Found an executioner's axe.
The wyvern barely misses you.
You closely miss the wyvern. The wyvern bites you! The wyvern bites you.
You closely miss the wyvern. The wyvern bites you! The wyvern bites you.
* * * LOW HITPOINT WARNING * * *
You sock the wyvern! You drain the wyvern.
The wyvern is heavily wounded.
The wyvern bites you but does no damage.
The wyvern bites you!
You die...

.#############.#
......l@.....#.#
.)##########.#.#
#.#.#
########.#.#
#..........#
#..........#
#..........# ..#
########.#.# ..
#########.#<#
..#


You could see a wyvern (drained).

Vanquished Creatures
  An ogre (D:3)
  Natasha (D:2)
  An orc wizard (D:3)
  Robin (D:2)
  2 adders (D:3)
  2 dart slugs (D:3)
  4 orcs (D:3)
  3 bats
  3 endoplasms
  A giant cockroach (D:2)
  17 goblins
  8 hobgoblins
  4 jackals (D:2)
  5 kobolds
  3 quokkas
  3 ball pythons (D:1)
  A frilled lizard (D:1)
  A rat (D:1)
61 creatures vanquished.

Notes
Turn   | Place    | Note
-------+----------+-------------------------------------------
     0 | D:1      | Mickster the Demigod Wanderer began the quest for the Orb.
     0 | D:1      | Mickster set off with the following items: a +0 spear, 2
                  | scrolls of fear, a +0 scale mail
     0 | D:1      | Reached XP level 1. HP: 16/16 MP: 3/3
    61 | D:1      | Reached skill level 3 in Armour
   269 | D:1      | Reached XP level 2. HP: 16/23 MP: 4/4
   762 | D:1      | Found Niro's Weapon Shop.
  1211 | D:2      | Noticed Natasha
  1220 | D:2      | Killed Natasha
  1221 | D:2      | Reached skill level 1 in Short Blades
  1221 | D:2      | Reached XP level 3. HP: 2/28 MP: 5/5
  1804 | D:2      | Noticed Robin
  1821 | D:2      | Killed Robin
  1911 | D:2      | Reached XP level 4. HP: 31/35 MP: 6/6
  2313 | D:2      | Found a runed translucent door.
  2316 | D:2      | Noticed Crazy Yiuf
  2853 | D:3      | Found Uruyd's Book Emporium.
  2904 | D:3      | Noticed an ogre
  2912 | D:3      | Killed an ogre
  2913 | D:3      | Reached skill level 4 in Armour
  2913 | D:3      | Reached XP level 5. HP: 31/40 MP: 7/7
  3576 | D:3      | Reached skill level 1 in Slings
  3581 | D:3      | Reached skill level 1 in Maces & Flails
  3609 | D:3      | Identified a scroll of acquirement
  3609 | D:3      | Acquired a +1 chain mail of positive energy
  4027 | D:4      | Noticed a wyvern
  4032 | D:4      | Slain by a wyvern

Illustrated notes

Levels and vault maps discovered:
D:1:      dpeg_arrival_arbitrary_c, layout_loops_ring, serial_shops,
          nicolae_shop_trees, minmay_tetromino_l4
D:2:      layout_loops_ring, basic_altar, basic_ecumenical_altar, uniq_natasha,
          uniq_robin, uniq_crazy_yiuf_cottage
D:3:      layout_basic, serial_shops, shop_statue, st_stairs_1,
          minmay_fractal_squares_diagonal_5
D:4:      layout_basic, minmay_temple_entry_nine_rooms

Skill      XL: |  1  2  3  4  5 |
---------------+----------------+-----
Armour         | 3 4 |  4.2
Polearms       | 2 |  2.0
Short Blades   | 1 2 |  2.0
Slings         | 1 |  1.0
Maces & Flails | 1 |  1.0
Fighting       | |  1.7
Throwing       | |  0.2
Dodging        | |  1.8
Stealth        | |  1.1
Unarmed Combat | |  1.8

Action                   |  1- 3 |  4- 6 || total
-------------------------+-------+-------++-------
Melee: Spear             |    38 |       ||    38
       Dagger            |    85 |     8 ||    93
       Punch             |     3 |     1 ||     4
       Mace              |       |    46 ||    46
 Fire: Hunting sling     |     4 |     5 ||     9
Throw: Dart              |       |     5 ||     5
  Use: Scroll            |     4 |     4 ||     8
       Potion            |     3 |       ||     3
Armor: Scale mail        |    72 |    25 ||    97
       Chain mail        |       |    10 ||    10
Dodge: Dodged            |    69 |    29 ||    98
